 Dungeon Crawl Stone Soup version 0.28-a0-1629-gf728b707aa (webtiles) character file.

Game seed: 11202674965185387304

21 HallandMoats the Covered (level 2, 20/20 HPs)
             Began as a Ghoul Wanderer on Jan 24, 2022.
             Was a Follower of Uskayaw.
             Safely got out of the dungeon.
             The game lasted 00:00:35 (584 turns).

HallandMoats the Covered (Ghoul Wanderer)            Turns: 584, Time: 00:00:35

Health: 20/20      AC: 10    Str: 18    XL:     2   Next: 87%
Magic:  1/1        EV:  9    Int:  4    God:    Uskayaw [*.....]
Gold:   36         SH:  0    Dex:  8    Spells: 1/1 levels left

rFire   . . .      SeeInvis .   b - +0 shortbow
rCold   + . .      Faith    .   (shield currently unavailable)
rNeg    + + +      Spirit   .   d - +0 scale mail
rPois   ∞          Reflect  .   (no helmet)
rElec   .          Harm     .   (no cloak)
rCorr   .          Rampage  .   (no gloves)
Will    .....                   (no boots)
Stlth   ..........              (no amulet)
HPRegen 0.06/turn               h - +4 ring of protection
MPRegen 0.07/turn               (no ring)

@: no status effects
A: claws 1, cold resistance 1, negative energy resistance 3, inhibited
regeneration, torment resistance 2
a: Renounce Religion, Stomp


You escaped.
You worshipped Uskayaw.
Uskayaw was noncommittal.
You visited 1 branch of the dungeon, and saw 1 of its levels.

You collected 36 gold pieces.

Inventory:

Hand Weapons
 a - a +2 short sword
 b - a +0 shortbow (weapon)
Missiles
 c - 15 arrows (quivered ammo)
Armour
 d - a +0 scale mail (worn)
Jewellery
 h - a +4 ring of protection (left claw)
Scrolls
 e - 2 scrolls of teleportation {unknown}
 f - a scroll of amnesia {unknown}
Potions
 g - 2 potions of haste {unknown}


   Skills:
 + Level 1.9 Short Blades
 + Level 1.2 Bows
 + Level 1.2 Throwing
 + Level 2.9 Armour
 + Level 1.2 Dodging
 + Level 1.5 Stealth
 + Level 1.3 Evocations


You had one spell level left.
You didn't know any spells.
Your spell library was empty.

Dungeon Overview and Level Annotations

Branches:
Dungeon (1/15)

Altars:
Uskayaw


Innate Abilities, Weirdness & Mutations

You thrive by killing the living.
You are immune to poison.
You have sharp fingernails.
Your flesh is cold resistant. (rC+)
You are immune to negative energy. (rN+++)
You do not regenerate when monsters are visible.
You are immune to unholy pain and torment.


Message History

No target in view!
No target in view!
No target in view!
You see here a +0 dagger.
You see here a +0 leather armour.
There is a faded altar of an unknown god here.
You cannot tell which god this altar belongs to.
Convert to them anyway?
Uskayaw accepts your prayer! Uskayaw welcomes you!
You can now stomp with the beat.
You see here a +0 dagger.
g - 2 fizzy white potions (gained 1)
c - 14 arrows (gained 1)
Things that are here:
a +0 club; a goblin corpse
c - 15 arrows (gained 1)
You now have 36 gold pieces (gained 9).
h - a +4 ring of protection Key pressed, stopping explore.
An endoplasm comes into view.
The endoplasm quivers.
An endoplasm is nearby!
h - a +4 ring of protection (left claw)
An endoplasm is nearby!
You shoot an arrow. The arrow hits the endoplasm!
You kill the endoplasm!
No target in view!
No target in view!
No target in view!
No target in view!
c - 15 arrows (gained 1) Key pressed, stopping explore.
You see here a +0 dagger.
Done exploring.
Done exploring.
Done exploring.
Done exploring.
There is a staircase leading out of the dungeon here.
Are you sure you want to leave the Dungeon?
This will make you lose the game!
You have escaped!

###########
#######
#.........#
#......
#.........#
#......
#.........#
#......
#.....♣...#
#......
##....8....#
#######
#..@.......#
#..........#
#.......^..#
#..........#
#.##########
#.# #.# #.#
#.#######


There were no monsters in sight!

Vanquished Creatures
  A dart slug (D:1)
  5 endoplasms (D:1)
  2 giant cockroaches (D:1)
  3 goblins (D:1)
  A hobgoblin (D:1)
  A quokka (D:1)
  A bat (D:1)
  2 rats (D:1)
16 creatures vanquished.

Notes
Turn   | Place    | Note
-------+----------+-------------------------------------------
     0 | D:1      | HallandMoats the Ghoul Wanderer began the quest for the
                  | Orb.
     0 | D:1      | HallandMoats set off with the following items: a +2 short
                  | sword, a +0 shortbow, 22 arrows, a +0 scale mail
     0 | D:1      | Reached XP level 1. HP: 14/14 MP: 0/0
    98 | D:1      | Reached XP level 2. HP: 20/20 MP: 1/1
   210 | D:1      | Found a faded altar of an unknown god.
   380 | D:1      | Prayed at the altar of an unknown god.
   380 | D:1      | Became a worshipper of Uskayaw the Reveller
   380 | D:1      | Reached * piety under Uskayaw
   584 | D:$      | Safely got out of the dungeon.

Illustrated notes

Levels and vault maps discovered:
D:1:      wander_arrival_peaceful_grave, layout_rooms, basic_ecumenical_altar,
          minmay_misc_feat_rugged

Action                   || total
-------------------------++-------
 Fire: Shortbow          ||    45
Armor: Scale mail        ||     7
Dodge: Dodged            ||     9

Table legend: (Time is in decaauts)
 A = Elapsed time spent in this place.
 B = Non-inter-level travel time spent in this place.
 C = Inter-level travel time spent in this place.
 D = Time resting spent in this place.
 E = Time spent auto-exploring this place.
 F = Levels seen in this place.
 G = Mean time per level.
                   A        B        C        D        E       F      G
               +--------+--------+--------+--------+--------+-----+--------+
         Total |    593 |    593 |      0 |      0 |    478 |   1 |  593.0 |
       Dungeon |    593 |    593 |      0 |      0 |    478 |   1 |  593.0 |
               +--------+--------+--------+--------+--------+-----+--------+

Top non-repeatable levels by time:
     D:1: 593 daAuts
